 Dungeon Crawl Stone Soup version 0.31-a0-152-g6aa68a64a1 (webtiles) character file.

Game seed: 6655166742494522839

9 ryw the Trooper (level 2, 17/24 HPs)
             Began as a Demonspawn Monk on June 11, 2023.
             Quit the game on level 1 of the Dungeon.
             The game lasted 00:00:44 (181 turns).

ryw the Trooper (Demonspawn Monk)                    Turns: 181, Time: 00:00:45

Health: 17/24      AC:  2    Str: 11    XL:     2   Next: 3%
Magic:  2/2        EV: 13    Int: 11    God:
Gold:   1          SH:  0    Dex: 15    Spells: 1/1 levels left

rFire   . .          .
                       - Unarmed
rCold   . . .        c - orb {light}
rNeg    . . .        a - +0 robe
rPois   .            (helmet restricted)
rElec   .            (no cloak)
rCorr   .            (no gloves)
SInv    .            (no boots)
Will    .....        (no amulet)
Stlth   +            (no ring)
HPRegen 0.24/turn    (no ring)
MPRegen 0.08/turn

%: no passive effects
@: glowing
A: antennae 1
a: no special abilities


You were on level 1 of the Dungeon.
You visited 1 branch of the dungeon, and saw 1 of its levels.

You collected 1 gold pieces.

Inventory:

Armour
 a - a +0 robe (worn)
 c - an orb of light (worn)
Scrolls
 e - 2 scrolls of identify {unknown}
Potions
 b - a potion of ambrosia
 d - 2 potions of attraction {unknown}


   Skills:
 + Level 3.0 Fighting
 - Level 3.0 Dodging
 - Level 3.0 Unarmed Combat


You had one spell level left.
You didn't know any spells.
Your spell library contained the following spells:

 Spells                   Type           Power      Damage    Failure   Level
 Necrotise                Necr           0%         1d4       34%         1
 Vampiric Draining        Necr           0%         2d6       71%         3
 Agony                    Necr           0%         N/A       100%        5


Dungeon Overview and Level Annotations

Branches:
Dungeon (1/15)

Altars:


Innate Abilities, Weirdness & Mutations

You have a pair of small antennae on your head.


Message History

The ball python misses you. The ball python grabs you.
The ball python constricts you.
You completely miss the ball python. The bat completely misses you.
The ball python bites you. The ball python constricts you.
The goblin hits you with a +0 club.
You hit the ball python.
You kill the ball python!
The goblin hits you with a +0 club.
You hit the hobgoblin.
The hobgoblin is heavily wounded.
The bat barely misses you. The bat hits you. The goblin closely misses you.
The hobgoblin hits you. The hobgoblin attacks as you move away!
The hobgoblin misses you. The bat closely misses you.
The bat barely misses you. The bat closely misses you.
You barely miss the bat. The bat misses you.
You barely miss the bat. The bat misses you.
You hit the bat.
You kill the bat!
The bat closely misses you.
Training target 3.0 for Unarmed Combat reached!
Training target 3.0 for Dodging reached!
Your Dodging skill increases to level 3!
Your Unarmed Combat skill increases to level 3!
You need to enable at least one skill for training.
You hit the goblin.
The goblin is almost dead.
You hit the goblin.
You kill the goblin!
The bat closely misses you.
You have reached level 2!
Your demonic ancestry asserts itself...
A pair of antennae grows on your head!
Are you sure you want to abandon this character and quit the game? (Confirm with "yes".)
Okay, then.
Unknown command.
Are you sure you want to abandon this character and quit the game? (Confirm with "yes".)
Okay, then.
Are you sure you want to abandon this character and quit the game? (Confirm with "yes".)

#.#...#+###...[...#
##........##.......#
.....#....##.......#
#######...##.....###
#>.......##.....#####
###..................
...#.....####.#######
## ##....# #.####
......### #b)@.#
#####.....#g##.# ###
#.†.$#...
#...).b#.#...
#.##...#.####.. #
#....... # ...####.#
#... .# ..... #


You could see a hobgoblin and a bat.

Vanquished Creatures
  2 endoplasms (D:1)
  A giant cockroach (D:1)
  A goblin (D:1)
  A quokka (D:1)
  A ball python (D:1)
  A bat (D:1)
  A frilled lizard (D:1)
8 creatures vanquished.

Notes
Turn   | Place    | Note
-------+----------+-------------------------------------------
     0 | D:1      | ryw the Demonspawn Monk began the quest for the Orb.
     0 | D:1      | Reached XP level 1. HP: 18/18 MP: 1/1
   181 | D:1      | Gained mutation: You have a pair of small antennae on your
                  | head. [demonic ancestry]
   181 | D:1      | Reached XP level 2. HP: 17/24 MP: 2/2
   181 | D:1      | Quit the game

Illustrated notes

Levels and vault maps discovered:
D:1:      pf_arrival_petrified_forest, layout_basic, minmay_pentomino_q4

Skill      XL: |  1 |
---------------+----+-----
Dodging        | 3 |  3.0
Unarmed Combat | 3 |  3.0
Fighting       | |  3.0

Action                     || total
---------------------------++-------
  Melee: Unarmed           ||    22
 Armour: Robe              ||     3
  Dodge: Dodged            ||    19

Table legend: (Time is in decaauts)
 A = Elapsed time spent in this place.
 B = Non-inter-level travel time spent in this place.
 C = Inter-level travel time spent in this place.
 D = Time resting spent in this place.
 E = Time spent auto-exploring this place.
 F = Levels seen in this place.
 G = Mean time per level.
                   A        B        C        D        E       F      G
               +--------+--------+--------+--------+--------+-----+--------+
         Total |    179 |    179 |      0 |      0 |    131 |   1 |  179.0 |
       Dungeon |    179 |    179 |      0 |      0 |    131 |   1 |  179.0 |
               +--------+--------+--------+--------+--------+-----+--------+

Top non-repeatable levels by time:
     D:1: 179 daAuts
